 Dungeon Crawl Stone Soup version 0.20.1-1-g8b1a95d (webtiles) character file.

7758 tidbits the Martial Artist (level 10, 0/91 HPs)
             Began as a Demigod Transmuter on Aug 23, 2017.
             Slain by a seven-headed hydra (3 damage)
             ... on level 1 of the Lair of Beasts.
             The game lasted 00:51:38 (4582 turns).

tidbits the Martial Artist (Demigod Transmuter)     Turns: 4582, Time: 00:51:38

Health: 0/91       AC: 12    Str: 13    XL:     10   Next: 69%
Magic:  16/16      EV: 16    Int: 25    God:
Gold:   508        SH:  6    Dex: 21    Spells: 3/13 levels left

rFire    + . .     SeeInvis .     - Unarmed
rCold    + + +     Gourm    .   D - +0 buckler
rNeg     . . .     Faith    .   B - +2 leather armour "Zoiranni" {+Inv rC++ Stlth-}
rPois    .         Spirit   .   E - +2 helmet
rElec    .         Reflect  .   C - +2 cloak
rCorr    .         Harm     .   (no gloves)
MR       +....                  F - +0 pair of boots
Stlth    +.........             b - amulet of magic regeneration
Regen    0.3/turn               W - ring of wizardry
MPRegen  0.3/turn               X - +5 ring of dexterity

@: about to teleport, very slightly contaminated
A: clever 1, cold resistance 1, fire resistance 1, high mp 1, robust 1
a: Evoke Invisibility


You were on level 1 of the Lair of Beasts.
You were not hungry.

You visited 2 branches of the dungeon, and saw 12 of its levels.

You collected 508 gold pieces.

Inventory:

Missiles
 a - 3 tomahawks
 h - 47 stones (quivered)
 j - 32 arrows
 q - 8 javelins
 s - 8 curare-tipped needles
 y - 3 throwing nets {!f}
Armour
 B - the +2 leather armour "Zoiranni" (worn) {+Inv rC++ Stlth-}
   (You found it on level 7 of the Dungeon)

   It greatly protects you from cold.
   It lets you turn invisible.
   It makes you less stealthy.
 C - a +2 cloak (worn)
 D - a +0 buckler (worn)
 E - a +2 helmet (worn)
 F - a +0 pair of boots (worn)
 I - the +5 chain mail of Muepsomp {Slay+6, unknown}
   (You found it on level 1 of the Lair of Beasts)

   It affects your accuracy and damage with ranged weapons and melee attacks
   (+6).
Jewellery
 b - an amulet of magic regeneration (around neck)
   (You took it off a gnoll on level 6 of the Dungeon)
 W - a ring of wizardry (left hand)
   (You took it off Blork the orc on level 6 of the Dungeon)
 X - a +5 ring of dexterity (right hand)
   (You found it on level 9 of the Dungeon)
Wands
 d - a wand of digging (2/24)
 f - a wand of iceblast (6/15)
 g - a wand of digging (9/24)
 o - a wand of confusion (23/48)
Scrolls
 m - a scroll of magic mapping
 p - 2 scrolls of blinking
 r - 3 scrolls of remove curse
 t - 3 scrolls of teleportation
 v - a scroll of immolation
 x - 2 scrolls of amnesia
 z - 2 scrolls of enchant weapon
Potions
 e - 2 potions of lignification
 k - a potion of magic
 n - a potion of haste
 w - 2 potions of brilliance
Books
 c - a book of Changes

   Spells                             Type                      Level
   a - Beastly Appendage              Transmutation                1
   b - Sticks to Snakes               Transmutation                2
   c - Spider Form                    Transmutation/Poison         3
   d - Ice Form                       Ice/Transmutation            4
   e - Blade Hands                    Transmutation                5
 H - a book of Unlife
   (You found it on level 1 of the Lair of Beasts)

   Spells                             Type                      Level
   a - Recall                         Summoning/Translocation      3
   b - Animate Dead                   Necromancy                   4
   c - Control Undead                 Necromancy                   4
   d - Cigotuvi's Embrace             Necromancy                   5
   e - Death Channel                  Necromancy                   6
   f - Simulacrum                     Ice/Necromancy               6
Comestibles
 l - 3 meat rations
 u - 8 bread rations
 A - a royal jelly


   Skills:
 + Level 5.7 Fighting
   Level 1.0 Staves
 + Level 6.0 Dodging
 - Level 4.2 Shields
 + Level 9.9 Unarmed Combat
 - Level 2.0 Spellcasting
 - Level 7.5 Transmutations
 - Level 3.0 Evocations


You had 3 spell levels left.
You knew the following spells:

 Your Spells              Type           Power        Failure   Level  Hunger
h - Blade Hands           Tmut           #####.....   8%          5    ######.
k - Sticks to Snakes      Tmut           #####...     1%          2    ##.....
p - Spider Form           Tmut/Pois      ###.......   3%          3    ###....


Dungeon Overview and Level Annotations

Branches:
Dungeon (10/15)            Temple (0/1) D:6            Lair (2/6) D:8
  Swamp: Lair:2-4    Shoals: Lair:2-4     Snake: Lair:2-4    Spider: Lair:2-4
    Orc: D:9-12

Annotations:
Lair:2 Shiggs's ghost, journeyman NaFE


Innate Abilities, Weirdness & Mutations

You have an increased reservoir of magic. (+10% MP)
Your mind is acute. (Int +2)
Your flesh is cold resistant. (rC+)
Your flesh is heat resistant. (rF+)
You are robust. (+10% HP)


Message History

The crocodile bites you.
You slice the crocodile!!
You kill the crocodile!
You see here a crocodile corpse.
You butcher the crocodile corpse.
You see here 5 chunks of flesh.
Eat one of 5 chunks of flesh? (ye/n/q)
You eat one of the 5 chunks of flesh.
This raw flesh tastes terrible.
You are feeling hungry.
Eat one of 4 chunks of flesh? (ye/n/q)
You eat one of the 4 chunks of flesh.
This raw flesh tastes terrible.
A hippogriff comes into view.
The hippogriff screeches!
A seven-headed hydra comes into view.
Found 19 stones.
Your transformation is almost over.
You see here 3 chunks of flesh.
Your hands revert to their normal proportions.
Your +0 buckler unmelds from your body.
Evoke which item? (* to show all) (? for menu, Esc to quit)
Aiming: Iceblast
Press: ? - help, Shift-Dir - straight line, f - hippogriff
Aim: a hippogriff The mass of ice explodes!
The iceblast engulfs the hippogriff.
The hippogriff is heavily wounded.
The iceblast engulfs the seven-headed hydra.
The seven-headed hydra is lightly wounded.
This wand has 8 charges left.
You hear a howl!
Evoke which item? (* to show all) (? for menu, Esc to quit)
Aiming: Iceblast
Press: ? - help, Shift-Dir - straight line, f/p - hippogriff
Aim: a hippogriff (heavily wounded)
The mass of ice explodes!
The iceblast engulfs the hippogriff.
The hippogriff is almost dead.
The iceblast engulfs the seven-headed hydra.
The seven-headed hydra is moderately wounded.
This wand has 7 charges left.
You fade into invisibility!
You are very lightly contaminated with residual magic.
You feel quite a bit more hungry. The hippogriff misses you.
The hippogriff pecks you but does no damage.
The hippogriff closely misses you.
You catch the helpless hippogriff completely off-guard!
You hit the hippogriff.
The hippogriff is almost dead.
Evoke which item? (* to show all) (? for menu, Esc to quit)
Aiming: Iceblast
Press: ? - help, Shift-Dir - straight line, f - seven-headed hydra, p - hippogriff
Aim: a seven-headed hydra (moderately wounded)
The mass of ice explodes!
The iceblast engulfs the seven-headed hydra.
The seven-headed hydra is heavily wounded.
The iceblast engulfs the hippogriff.
You kill the hippogriff!
Your Dodging skill increases to level 6!
This wand has 6 charges left.
You hear a howl!
The seven-headed hydra bites you but does no damage.
You block the seven-headed hydra's attack.
The seven-headed hydra bites you! The seven-headed hydra misses you.
The seven-headed hydra bites you but does no damage. x2
The seven-headed hydra completely misses you.
You hit the seven-headed hydra.
The seven-headed hydra is heavily wounded.
You hit the seven-headed hydra but do no damage.
The seven-headed hydra is heavily wounded.
The seven-headed hydra closely misses you.
The seven-headed hydra barely misses you.
The seven-headed hydra closely misses you.
The seven-headed hydra bites you!
* * * LOW HITPOINT WARNING * * *
The seven-headed hydra barely misses you.
You block the seven-headed hydra's attack.
The seven-headed hydra closely misses you.
You flicker for a moment.
You flicker back into view.
A wolf comes into view.
As you read the scroll of teleportation, it crumbles to dust.
You feel strangely unstable.
The wolf howls!
The wolf moves out of view.
The seven-headed hydra bites you!
* * * LOW HITPOINT WARNING * * *
You block the seven-headed hydra's attack.
The seven-headed hydra completely misses you.
The seven-headed hydra bites you!
* * * LOW HITPOINT WARNING * * *
The seven-headed hydra bites you!
* * * LOW HITPOINT WARNING * * *
The seven-headed hydra closely misses you.
The seven-headed hydra bites you!
* * * LOW HITPOINT WARNING * * *
Okay, then.
You feel better.
You block the seven-headed hydra's attack.
The seven-headed hydra bites you but does no damage.
The seven-headed hydra bites you.
* * * LOW HITPOINT WARNING * * *
The seven-headed hydra misses you. The seven-headed hydra bites you.
You die...

..## ##..#P##.#.##.........#
...###........#..#.........#
...............#...........#
....P##..........#.........#
.#...#.........#...........#
...P#..........##..........#
...............##..........#
##.............##D.........#
####..........#@.##.......#
###........h.###.......#
#........### #.......#
#........# ##.....##
##.......# #.....# #.......#
#..<.## ###....## ####.#
.#...# ## .###


You could see a seven-headed hydra and a wolf.

Vanquished Creatures
  A two-headed ogre (D:8)
  The ghost of dscm the Thaumaturge, a novice DrWz of Sif Muna (D:7)
  Maurice (D:9)
  A spiny frog (Lair:1)
  A komodo dragon (Lair:2)
  Prince Ribbit (D:7)
  Grinder (D:3)
  3 hippogriffs
  4 yaks (Lair:1)
  A warg (Lair:1)
  2 water moccasins
  6 porcupines (D:8)
  3 orc warriors
  A phantom (D:5)
  2 ice beasts
  A black bear (D:7)
  3 wolves (Lair:1)
  3 ogres
  2 crocodiles
  5 bullfrogs
  A wyvern zombie (D:8)
  A gnoll sergeant (D:6)
  A scorpion (Lair:1)
  3 wights (D:10)
  3 howler monkeys
  A crimson imp (D:6)
  6 hounds
  A quasit (D:5)
  4 orc priests
  2 jellies
  A centaur zombie (D:6)
  A bullfrog skeleton (D:8)
  6 orc wizards
  Jessica (D:3)
  Natasha (D:3)
  2 worker ants
  A hound zombie (D:6)
  10 adders
  10 gnolls
  A howler monkey skeleton (D:8)
  3 oozes
  2 adder skeletons
  A worm (D:4)
  2 dart slugs
  6 leopard geckos
  31 orcs
  3 giant cockroaches
  A goblin (D:1)
  4 hobgoblins
  7 jackals
  7 quokkas
  6 bats
  3 frilled lizards
  4 kobolds
  5 rats
185 creatures vanquished.

Vanquished Creatures (collateral kills)
  A hippogriff (Lair:2)
  2 ogres (D:6)
  Blork the orc (D:6)
  Crazy Yiuf (D:3)
  A gnoll (D:5)
  An adder (D:3)
  An ooze (D:3)
  3 orcs
  A hobgoblin (D:3)
  A rat (D:2)
13 creatures vanquished.

Vanquished Creatures (others)
  27 fungi (D:8)
  2 plants (D:8)
29 creatures vanquished.

Grand Total: 227 creatures vanquished

Notes
Turn   | Place    | Note
-------+----------+-------------------------------------------
     0 | D:1      | tidbits the Demigod Transmuter began the quest for the Orb.
     0 | D:1      | Reached XP level 1. HP: 15/15 MP: 5/5
    47 | D:1      | Reached skill level 2 in Spellcasting
    47 | D:1      | Reached skill level 2 in Transmutations
   233 | D:1      | Reached XP level 2. HP: 15/22 MP: 7/7
   236 | D:1      | Reached skill level 3 in Unarmed Combat
   240 | D:1      | Learned a level 2 spell: Sticks to Snakes
   385 | D:2      | Reached skill level 1 in Shields
   415 | D:2      | Reached XP level 3. HP: 18/27 MP: 2/8
   420 | D:2      | Learned a level 3 spell: Spider Form
   529 | D:3      | Noticed Grinder
   560 | D:3      | Killed Grinder
   560 | D:3      | Reached skill level 3 in Shields
   560 | D:3      | Reached skill level 4 in Unarmed Combat
   560 | D:3      | Reached XP level 4. HP: 18/34 MP: 1/9
   560 | D:3      | Reached XP level 5. HP: 21/39 MP: 1/10
   564 | D:3      | Noticed Jessica
   749 | D:3      | Found a runed door.
   896 | D:3      | Noticed Crazy Yiuf
   904 | D:3      | Killed Crazy Yiuf
  1006 | D:3      | Killed Jessica
  1014 | D:3      | Noticed Natasha
  1023 | D:3      | Reached XP level 6. HP: 45/46 MP: 4/12
  1028 | D:3      | Killed Natasha
  1143 | D:4      | Reached skill level 4 in Shields
  1315 | D:3      | Reached skill level 5 in Unarmed Combat
  1361 | D:5      | Entered Level 5 of the Dungeon
  1596 | D:6      | Noticed Blork the orc
  1628 | D:6      | Found a staircase to the Ecumenical Temple.
  1642 | D:5      | Reached skill level 6 in Unarmed Combat
  1642 | D:5      | Reached XP level 7. HP: 18/51 MP: 8/13
  1678 | D:5      | Reached skill level 1 in Fighting
  1678 | D:5      | Reached skill level 2 in Dodging
  1787 | D:5      | Reached skill level 2 in Fighting
  1952 | D:4      | Found an ancient bone altar of Kikubaaqudgha.
  2100 | D:5      | Reached skill level 3 in Dodging
  2208 | D:4      | Reached skill level 1 in Staves
  2416 | D:6      | Killed Blork the orc
  2439 | D:6      | Learned a level 5 spell: Blade Hands
  2511 | D:7      | Noticed Prince Ribbit
  2534 | D:6      | Reached skill level 3 in Transmutations
  2557 | D:7      | Noticed dscm's ghost (novice DrWz)
  2573 | D:6      | Reached XP level 8. HP: 62/62 MP: 12/14
  2581 | D:6      | Reached skill level 4 in Transmutations
  2658 | D:6      | Reached skill level 5 in Transmutations
  2668 | D:6      | Gained mutation: Your flesh is cold resistant. (rC+) [potion of mutation]
  2668 | D:6      | Gained mutation: Your mind is acute. (Int +2) [potion of mutation]
  2668 | D:6      | Gained mutation: You are robust. (+10% HP) [potion of mutation]
  2668 | D:6      | Gained mutation: Your flesh is heat resistant. (rF+) [potion of mutation]
  2763 | D:6      | Reached skill level 6 in Transmutations
  2844 | D:7      | Killed Prince Ribbit
  2893 | D:7      | Got a bronze leather armour
  2908 | D:7      | Identified the +2 leather armour "Zoiranni" {+Inv rC++ Stlth-} (You found it on level 7 of the Dungeon)
  3000 | D:7      | Reached skill level 7 in Unarmed Combat
  3105 | D:7      | Killed dscm's ghost
  3105 | D:7      | Reached skill level 7 in Transmutations
  3105 | D:7      | Reached XP level 9. HP: 61/74 MP: 7/15
  3174 | D:10     | Entered Level 10 of the Dungeon
  3228 | D:10     | Reached skill level 8 in Unarmed Combat
  3271 | D:10     | Reached skill level 3 in Fighting
  3293 | D:9      | Noticed Maurice
  3307 | D:9      | Killed Maurice
  3449 | D:8      | Noticed a two-headed ogre
  3454 | D:8      | Killed a two-headed ogre
  3454 | D:8      | Reached skill level 4 in Dodging
  3454 | D:8      | Reached skill level 9 in Unarmed Combat
  3459 | D:8      | Reached skill level 4 in Fighting
  3471 | D:8      | Found a radiant altar of Vehumet.
  3619 | D:8      | Reached skill level 1 in Evocations
  3619 | D:8      | Reached XP level 10. HP: 56/85 MP: 10/16
  3665 | D:8      | Reached skill level 2 in Evocations
  3705 | D:8      | HP: 4/85 [porcupine (8)]
  3949 | D:8      | Reached skill level 3 in Evocations
  3991 | D:8      | Found a staircase to the Lair.
  4064 | Lair:1   | Entered Level 1 of the Lair of Beasts
  4145 | Lair:1   | Reached skill level 5 in Dodging
  4220 | Lair:2   | Reached skill level 5 in Fighting
  4306 | Lair:1   | Got a polished chain mail
  4531 | Lair:2   | Noticed Shiggs's ghost (journeyman NaFE)
  4547 | Lair:1   | Noticed a seven-headed hydra
  4562 | Lair:1   | Reached skill level 6 in Dodging
  4581 | Lair:1   | HP: 9/91 [seven-headed hydra (15)]
  4581 | Lair:1   | HP: 1/91 [seven-headed hydra (8)]
  4582 | Lair:1   | Slain by a seven-headed hydra

Skill      XL: |  1  2  3  4  5  6  7  8  9 10 |
---------------+-------------------------------+-----
Spellcasting   | 2 |  2.0
Transmutations | 2 3 7 |  7.5
Unarmed Combat | 3 4 6 7 9 |  9.9
Shields        | 1 3 4 |  4.2
Fighting       | 2 4 5 |  5.7
Dodging        | 3 4 6 |  6.0
Staves         | 1 |  1.0
Evocations     | 1 3 |  3.0

Action                   |  1- 3 |  4- 6 |  7- 9 | 10-12 || total
-------------------------+-------+-------+-------+-------++-------
Melee: Unarmed           |    71 |   127 |   229 |    93 ||   520
       Kick              |     5 |     3 |       |       ||     8
       Headbutt          |     3 |       |       |       ||     3
       Punch             |       |       |     3 |     3 ||     6
 Cast: Beastly Appendage |    13 |     3 |       |       ||    16
       Sticks to Snakes  |     4 |     7 |    27 |    10 ||    48
       Spider Form       |     2 |    23 |    14 |       ||    39
       Blade Hands       |       |       |    18 |    13 ||    31
 Abil: End Transformatio |     1 |     1 |       |     1 ||     3
       Evoke Invisibilit |       |       |       |     2 ||     2
Evoke: Wand              |     1 |     7 |     1 |     8 ||    17
  Use: Scroll            |       |     5 |    10 |     5 ||    20
       Potion            |       |       |     6 |     1 ||     7
 Stab: Sleeping          |     3 |       |     1 |       ||     4
       Distracted        |     1 |       |     3 |       ||     4
       Invisible         |       |       |       |     2 ||     2
  Eat: Chunk             |       |     5 |    16 |     8 ||    29
       Royal jelly       |       |     1 |     1 |       ||     2
Armor: Robe              |     7 |    14 |    15 |       ||    36
       Skin              |       |     5 |     7 |       ||    12
       Leather armour    |       |       |    38 |    23 ||    61
       Ring mail         |       |       |     2 |       ||     2
Dodge: Dodged            |    32 |    72 |   133 |    65 ||   302
Block: Buckler           |    10 |     5 |    15 |     8 ||    38

Table legend:
 A = Turns spent in this place as a percentage of turns spent in the entire game.
 B = Non-inter-level travel turns spent in this place as a percentage of non-inter-level travel turns spent in the entire game.
 C = Inter-level travel turns spent in this place as a percentage of turns spent in this place.
 D = Turns resting spent in this place as a percentage of non-inter-level travel turns spent in this place.
 E = Turns spent auto-exploring this place as a percentage of non-inter-level travel turns spent in this place.
 F = Non-inter-level travel turns spent in this place divided by the number of levels of this place that you've seen.
                   A       B       C       D       E      F
               +-------+-------+-------+-------+-------+----------------------
         Total | 100.0 | 100.0 |   0.2 |   0.0 |   0.0 | 357.2
       Dungeon |  87.7 |  87.7 |   0.3 |   0.0 |   0.0 | 376.0
          Lair |  12.3 |  12.3 |   0.0 |   0.0 |   0.0 | 263.5
               +-------+-------+-------+-------+-------+----------------------

Table legend:
 A = Kills in this place as a percentage of kills in entire the game.
 B = Kills by you in this place as a percentage of kills by you in the entire game.
 C = Kills by friends in this place as a percentage of kills by friends in the entire game.
 D = Other kills in this place as a percentage of other kills in the entire game.
 E = Experience gained in this place as a percentage of experience gained in the entire game.
 F = Experience gained in this place divided by the number of levels of this place that you have seen.
                   A       B       C       D       E      F
               +-------+-------+-------+-------+-------+----------------------
         Total | 100.0 | 100.0 | 100.0 | 100.0 | 100.0 | 923.6
       Dungeon |  89.4 |  89.1 |  92.3 | 100.0 |  67.6 | 749.7
          Lair |  10.6 |  10.9 |   7.7 |   0.0 |  32.4 | 1793.0
               +-------+-------+-------+-------+-------+----------------------

Vault maps used:
D:1:      scummos_arrival_simple_crosswalls, hangedman_feature_mirror,
          roderic_serpentine_path, hex_tiny
D:3:      first_bread, kennysheep_jessica_study, uniq_natasha,
          uniq_crazy_yiuf_cottage, uniq_grinder
D:4:      minitemple
D:6:      temple_fountains, uniq_blork_the_orc
D:7:      uniq_prince_ribbit1
D:8:      vehumet_crystals, due_lair_maze_entry_diamond
D:9:      uniq_maurice
D:10:     serial_shops, nicolae_shop_statue_plus, kennysheep_generic_room_11
Lair:1:   beast_lair_carwin_large_2
Lair:2:   hibernation_bobbens, grunt_megastairs_1, serial_bayou_shore_b
